 Dungeon Crawl Stone Soup version 0.30-a0-51-g784eafce7f (webtiles) character file.

Game seed: 13408785004567147157

4 BritishOli the Trooper (level 1, -1/18 HPs)
             Began as a Demonspawn Fighter on Sept 6, 2022.
             Slain by a kobold
             ... wielding a +0 whip of distortion
              (19 damage)
             ... on level 1 of the Dungeon.
             The game lasted 00:00:05 (123 turns).

BritishOli the Trooper (Demonspawn Fighter)          Turns: 123, Time: 00:00:05

Health: -1/18      AC:  6    Str: 16    XL:     1   Next: 50%
Magic:  1/1        EV:  8    Int:  9    God:
Gold:   0          SH:  4    Dex: 12    Spells: 0/0 levels left

rFire   . . .      SeeInvis .    a - +0 long sword
rCold   . . .      Faith    .    c - +0 buckler
rNeg    . . .      Spirit   .    b - +0 scale mail
rPois   .          Reflect  .    (no helmet)
rElec   .          Harm     .    (no cloak)
rCorr   .          Rampage  .    (no gloves)
Will    .....                    (no boots)
Stlth   ..........               (no amulet)
HPRegen 0.06/turn                (no ring)
MPRegen 0.07/turn                (no ring)

@: no status effects
A: no striking features
a: no special abilities


You were on level 1 of the Dungeon.
You visited 1 branch of the dungeon, and saw 1 of its levels.

Inventory:

Hand Weapons
 a - a +0 long sword (weapon)
Armour
 b - a +0 scale mail (worn)
 c - a +0 buckler (worn)
Potions
 d - a potion of might
 e - a potion of cancellation {unknown}
 f - a potion of curing {unknown}


   Skills:
 + Level 3.0 Fighting
 + Level 1.8 Long Blades
 + Level 2.7 Armour
 + Level 2.7 Shields


You couldn't memorise any spells.
You didn't know any spells.
Your spell library was empty.

Dungeon Overview and Level Annotations

Branches:
Dungeon (1/15)

Altars:


Message History

Found a pink potion.
An endoplasm is nearby!
You block the endoplasm's attack.
An endoplasm is nearby!
You slash the endoplasm!
You kill the endoplasm!
f - a pink potion No target in view!
An endoplasm comes into view.
No target in view! 2 endoplasms come into view.
The endoplasm quivers.
There are monsters nearby!
You slash the endoplasm!
You kill the endoplasm!
An endoplasm is nearby!
The endoplasm hits you but does no damage.
An endoplasm is nearby!
You barely miss the endoplasm. The endoplasm hits you.
The endoplasm barely misses you.
An endoplasm is nearby!
You hit the endoplasm.
The endoplasm is heavily wounded.
The endoplasm freezes you.
You are frozen.
An endoplasm is nearby!
You hit the endoplasm.
You kill the endoplasm!
Key pressed, stopping explore.
No target in view!
No target in view!
HP restored.
Found a stone staircase leading down.
No target in view!
A kobold comes into view. It is wielding a +0 whip of distortion.
Found a pink potion.
The kobold shouts!
The kobold hits you but does no damage. Space warps horribly around you!!
Ouch! That really hurt!
You die...

...............#....
.................>. ....
.................. ....
#...........# .....
#...........# ..... .
####.#####..####..!..
..##...# ##....#... .
......########.#.K##....
................@.......
...>....######..........
####....................
## #....########..####..
...#.............## .
..#.....####.....
#รท##....#.......##
##.###.#...# ##..
....##.....#


You could see a kobold.

Vanquished Creatures
  3 endoplasms (D:1)
3 creatures vanquished.

Notes
Turn   | Place    | Note
-------+----------+-------------------------------------------
     0 | D:1      | BritishOli the Demonspawn Fighter began the quest for the
                  | Orb.
     0 | D:1      | Reached XP level 1. HP: 18/18 MP: 1/1
   123 | D:1      | Slain by a kobold

Illustrated notes

Levels and vault maps discovered:
D:1:      amcnicky_arrival_abandoned_market, layout_rooms, serial_shops, shop

Action                   || total
-------------------------++-------
Melee: Long sword        ||     5
Armor: Scale mail        ||     2
Dodge: Dodged            ||     1
Block: Buckler           ||     1

Table legend: (Time is in decaauts)
 A = Elapsed time spent in this place.
 B = Non-inter-level travel time spent in this place.
 C = Inter-level travel time spent in this place.
 D = Time resting spent in this place.
 E = Time spent auto-exploring this place.
 F = Levels seen in this place.
 G = Mean time per level.
                   A        B        C        D        E       F      G
               +--------+--------+--------+--------+--------+-----+--------+
         Total |    124 |    124 |      0 |      0 |    102 |   1 |  124.0 |
       Dungeon |    124 |    124 |      0 |      0 |    102 |   1 |  124.0 |
               +--------+--------+--------+--------+--------+-----+--------+

Top non-repeatable levels by time:
     D:1: 124 daAuts
